 Dungeon Crawl Stone Soup version 0.29.0-4-gdea44cf6ec (webtiles) character file.

Game seed: 4537393720696629369

32 qw the Chopper (level 3, -5/21 HPs)
             Began as a Tengu Warper on Aug 28, 2022.
             Slain by a hobgoblin (6 damage)
             ... led by Robin
             ... on level 3 of the Dungeon.
             The game lasted 00:00:06 (1458 turns).

qw the Chopper (Tengu Warper)                       Turns: 1458, Time: 00:00:07

Health: -5/21      AC:  8    Str: 13    XL:     3   Next: 25%
Magic:  7/7        EV:  4    Int: 13    God:
Gold:   117        SH:  9    Dex: 19    Spells: 6/6 levels left

rFire   . . .      SeeInvis .   Y - +0 hand axe
rCold   . . .      Faith    .   k - +0 kite shield
rNeg    . . .      Spirit   .   i - +0 chain mail
rPois   .          Reflect  .   (helmet restricted)
rElec   .          Harm     .   (no cloak)
rCorr   .          Rampage  .   (no gloves)
Will    .....                   (boots unavailable)
Stlth   ..........              (no amulet)
HPRegen 0.07/turn               c - +6 ring of dexterity
MPRegen 0.10/turn               (no ring)

@: lethally poisoned (-5 -> -9)
A: beak, talons 3
a: no special abilities


You were on level 3 of the Dungeon.
You visited 1 branch of the dungeon, and saw 3 of its levels.

You collected 117 gold pieces.


Innate Abilities, Weirdness & Mutations

You have a beak for a mouth.
You have claws for feet.


   Skills:
 - Level 2.0 Fighting
 - Level 3.2 Axes
 - Level 1.0 Throwing
 - Level 1.1 Armour
 - Level 2.1 Dodging
 + Level 1.8 Shields
 - Level 2.0 Spellcasting
 - Level 2.4 Translocations


You had 6 spell levels left.
You didn't know any spells.
Your spell library contained the following spells:

 Spells                   Type           Power      Damage    Failure   Level
 Blink                    Tloc           14%        N/A       100%        2
 Gell's Gravitas          Tloc           7%         N/A       100%        3
 Lesser Beckoning         Tloc           7%         N/A       100%        3
 Teleport Other           Tloc           7%         N/A       100%        3
 Manifold Assault         Tloc           7%         N/A       100%        5

Inventory:

Hand Weapons
 h - a +0 mace
 Y - a +0 hand axe (weapon)
Armour
 i - a +0 chain mail (worn)
 k - a +0 kite shield (worn)
Jewellery
 b - an amulet of guardian spirit
 c - a +6 ring of dexterity (left hand)
Scrolls
 a - a scroll of enchant armour
 g - a scroll of identify
Potions
 d - a potion of resistance
 e - a potion of ambrosia {unknown}
 f - a potion of attraction {unknown}
 j - 2 potions of cancellation

Dungeon Overview and Level Annotations

Branches:
Dungeon (3/15)

Altars:

Annotations:
D:3 Robin


Message History

You hit the goblin.
You kill the goblin!
You hit the goblin.
You kill the goblin!
You hit the hobgoblin but do no damage. You claw the hobgoblin.
You kill the hobgoblin!
Robin roars a battlecry!
The goblins go into a battle-frenzy!
A goblin comes into view. It is wielding a +0 dagger.
A hobgoblin comes into view.
You hit Robin. Your kick misses Robin.
Robin is lightly wounded.
You hit the hobgoblin. You hit the hobgoblin but do no damage.
Robin hits you with a +1 whip of venom. You block the hobgoblin's attack.
The hobgoblin hits you.
The hobgoblin hits you but does no damage.
The hobgoblin hits you. You block the hobgoblin's attack.
You barely miss the hobgoblin. You peck the hobgoblin.
The hobgoblin is severely wounded.
You hit the hobgoblin but do no damage. You closely miss the hobgoblin.
You hit the hobgoblin but do no damage. You hit Robin but do no damage.
Robin hits you but does no damage.
You are poisoned.
The hobgoblin hits you but does no damage.
You block the hobgoblin's attack. The hobgoblin hits you.
You hit the hobgoblin.
You kill the hobgoblin!
You hit the goblin.
You kill the goblin!
You barely miss the hobgoblin. You hit the hobgoblin but do no damage.
You closely miss the hobgoblin. You hit Robin but do no damage.
You feel very sick. You block Robin's attack. The hobgoblin barely misses you.
You block the hobgoblin's attack. The hobgoblin barely misses you.
You hit Robin. You claw Robin.
Robin is heavily wounded.
You hit the hobgoblin but do no damage. You closely miss the goblin.
You closely miss the hobgoblin. x2
You feel sick. You block Robin's attack. The hobgoblin hits you.
You die...

.###..... #..########
.......... #..........
.........# #...#P.####
......(..# #....7P.#
.........# #.%...7P.#
#........#####....77PP#
#...........%...PP.PP#
##....gg.).(........P.#
.....gg@)......#####..#
.#....gg).....######...
#....g.####...........
#.......# #.#########
....####. #.# ..## .
#.# . . #.# .# #.# #+#


You could see Robin, 4 hobgoblins and 2 goblins.

Vanquished Creatures
  6 endoplasms
  6 goblins
  2 hobgoblins (D:3)
  A jackal (D:1)
  2 quokkas
  3 ball pythons
  3 bats
  2 frilled lizards
  A kobold (D:1)
  3 rats
29 creatures vanquished.

Vanquished Creatures (others)
  A plant (D:3)
1 creature vanquished.

Grand Total: 30 creatures vanquished

Notes
Turn   | Place    | Note
-------+----------+-------------------------------------------
     0 | D:1      | qw the Tengu Warper began the quest for the Orb.
     0 | D:1      | Reached XP level 1. HP: 12/12 MP: 4/4
     0 | D:1      | 0 ||| qw: Version: 0.1-a-89-g26bdef1
     0 | D:1      | 0 ||| qw: Game counter: 2268
     0 | D:1      | 0 ||| qw: Always use a shield: true
     0 | D:1      | 0 ||| qw: God list: Okawaru
     0 | D:1      | 0 ||| qw: Allow faded altars: false
     0 | D:1      | 0 ||| qw: Do Orc after D:15 true
     0 | D:1      | 0 ||| qw: Do second Lair branch before Depths: true
     0 | D:1      | 0 ||| qw: Lair rune preference: random
     0 | D:1      | 0 ||| qw: Plans: Normal
     0 | D:1      | 0 ||| PLANNING D:1-11
   223 | D:1      | Found a faded altar of an unknown god.
   256 | D:1      | Reached skill level 3 in Axes
   256 | D:1      | Reached XP level 2. HP: 17/17 MP: 6/6
   416 | D:1      | 416 ||| Stepping ~*~*~tactically~*~*~ (stealth).
   417 | D:1      | 417 ||| Stepping ~*~*~tactically~*~*~ (stealth).
   627 | D:1      | 627 ||| UPGRADING to +0 kite shield.
   632 | D:1      | 632 ||| READING scroll labelled PIOLUG QOCIGI.
   633 | D:1      | 633 ||| READING scroll labelled PIOCHU GUZATISTRO.
   634 | D:1      | 634 ||| READING scroll labelled LIMYGHUGAPH.
   635 | D:1      | 635 ||| DRINKING 2 fuming black potions.
   654 | D:1      | 654 ||| DRINKING 3 bubbling emerald potions.
   655 | D:1      | 655 ||| DROPPING scroll of blinking.
   656 | D:1      | 656 ||| DROPPING potion of lignification.
   815 | D:2      | Reached skill level 1 in Shields
  1374 | D:2      | 1374 ||| UPGRADING to +0 chain mail.
  1384 | D:2      | 1384 ||| DROPPING +0 leather armour.
  1385 | D:2      | 1385 ||| UPGRADING to +6 ring of dexterity.
  1386 | D:2      | 1386 ||| READING 2 scrolls of identify.
  1386 | D:2      | 1386 ||| IDENTIFYING glowing coppery potion
  1445 | D:3      | Reached XP level 3. HP: 21/21 MP: 7/7
  1448 | D:3      | Noticed Robin
  1456 | D:3      | HP: 5/21 [hobgoblin[Robin] (5)]
  1457 | D:3      | HP: 2/21 [poisoned by Robin]
  1458 | D:3      | Slain by a hobgoblin

Levels and vault maps discovered:
D:1:      lightli_arrival_chessboard, layout_loops_ring,
          shapermc_ecumenical_altar_acropolis, minmay_octomino_e4
D:2:      layout_basic
D:3:      layout_basic, mainiacjoe_overflow_concentric_impassable,
          marbit_many_paths, serial_forest, infiniplex_forest_straight_3,
          infiniplex_forest_clump_medium, infiniplex_forest_fountain,
          infiniplex_forest_clump_small, infiniplex_forest_straight_4,
          infiniplex_forest_zigzag_1, infiniplex_forest_clump_long, uniq_ijyb,
          uniq_robin

Skill      XL: |  1  2 |
---------------+-------+-----
Axes           | 3 |  3.2
Shields        | 1 |  1.8
Fighting       | |  2.0
Throwing       | |  1.0
Armour         | |  1.1
Dodging        | |  2.1
Spellcasting   | |  2.0
Translocations | |  2.4

Action                   || total
-------------------------++-------
Melee: Hand axe          ||    45
       Kick              ||    13
       Peck              ||     4
Throw: Boomerang         ||     7
  Use: Scroll            ||     4
       Potion            ||     2
Armor: Leather armour    ||     6
       Chain mail        ||     4
Dodge: Dodged            ||    13
Block: Kite shield       ||    10

Table legend:
 A = Non-vault XP
 B = Vault XP
 C = Vault XP percentage of total XP
 D = Non-vault monster count
 E = Vault monster count
 F = Vault count percentage of total count
                 A         B        C        D         E       F
            +---------+---------+-------+---------+---------+-------
      Total |      32 |      14 |  30.4 |      21 |       8 |  27.6
            +---------+---------+-------+---------+---------+-------
        D:1 |      14 |       3 |  17.6 |       9 |       2 |  18.2
        D:2 |      14 |       0 |   0.0 |       9 |       0 |   0.0
        D:3 |       4 |      11 |  73.3 |       3 |       6 |  66.7
            +---------+---------+-------+---------+---------+-------
